 Dungeon Crawl Stone Soup version 0.30-a0-629-gd54f4be4f7 (webtiles) character file.

Game seed: 6486992159940285045

177 Dittersdorf the Trooper (level 5, 0/34 HPs)
             Began as a Gargoyle Fighter on Jan 12, 2023.
             Slain by a hound (2 damage)
             ... on level 3 of the Dungeon.
             The game lasted 00:03:08 (2670 turns).

Dittersdorf the Trooper (Gargoyle Fighter)          Turns: 2670, Time: 00:03:08

Health: 0/34       AC: 14    Str: 22    XL:     5   Next: 57%
Magic:  5/5        EV:  7    Int:  8    God:
Gold:   108        SH:  4    Dex:  9    Spells: 4/4 levels left

rFire   . . .      SeeInvis .    a - +0 flail
rCold   . . .      Faith    .    c - +0 buckler
rNeg    + . .      Spirit   .    l - +0 chain mail
rPois   ∞          Reflect  .    (no helmet)
rElec   +          Harm     .    j - +0 cloak
rCorr   .          Rampage  .    (no gloves)
Will    .....                    (no boots) Stlth
                                 (no amulet)
HPRegen 0.25/turn                g - ring of flight
MPRegen 0.09/turn                (no ring)

@: flying
A: sickness immunity, AC +4, negative energy resistance 1, electricity
resistance, torment resistance 1, petrification resistance
a: no special abilities


You were on level 3 of the Dungeon.
You visited 1 branch of the dungeon, and saw 4 of its levels.

You collected 108 gold pieces.

Inventory:

Hand Weapons
 a - a +0 flail (weapon)
Missiles
 i - 4 poisoned darts (quivered)
Armour
 c - a +0 buckler (worn)
 e - a +0 plate armour
 j - a +0 cloak (worn)
 l - a +0 chain mail (worn)
Jewellery
 g - a ring of flight (left hand)
 s - a ring of protection from cold
Wands
 p - a wand of paralysis (13)
Scrolls
 b - a scroll of teleportation {unknown}
 h - a scroll of brand weapon {unknown}
 m - a scroll of vulnerability {unknown}
 o - a scroll of poison {unknown}
 q - a scroll of enchant armour {unknown}
 r - 2 scrolls of identify {unknown}
Potions
 d - a potion of might
 f - a potion of berserk rage {unknown}
 k - a potion of curing {unknown}
 n - a potion of cancellation {unknown}
 t - a potion of mutation {unknown}


   Skills:
 + Level 4.3 Fighting
 + Level 3.2 Maces & Flails
 + Level 4.3 Armour
 + Level 4.3 Shields


You had 4 spell levels left.
You didn't know any spells.
Your spell library was empty.

Dungeon Overview and Level Annotations

Branches:
Dungeon (4/15)
 Temple: D:4-7

Altars:
Elyvilon

Shops:
D:1 :


Innate Abilities, Weirdness & Mutations

You are immune to sickness and miasma.
Your stone body is resilient. (AC +4)
You are immune to poison.
You resist negative energy. (rN+)
You are resistant to electric shocks. (rElec)
You are resistant to unholy torment.
You are immune to petrification.


Message History

The hound bites you but does no damage.
The jackal bites you but does no damage.
You are too injured to fight recklessly!
You are too injured to fight recklessly!
You are too injured to fight recklessly!
You are too injured to fight recklessly!
You are too injured to fight recklessly!
You are too injured to fight recklessly!
You are too injured to fight recklessly!
You are too injured to fight recklessly!
You are too injured to fight recklessly!
You are too injured to fight recklessly!
You are too injured to fight recklessly!
You are too injured to fight recklessly!
The jackal barely misses you. The kobold barely misses you.
The kobold hits you but does no damage. You block the hound's attack.
The jackal barely misses you. The orc hits you with a +0 club.
* * * LOW HITPOINT WARNING * * *
There is a stone staircase leading up here.
The hound bites you but does no damage. You block the jackal's attack.
You block the orc's attack. You block the hound's attack.
You fly upwards.
There is a stone staircase leading down here.
The hound attacks as you move away! The hound bites you but does no damage.
The jackal bites you but does no damage.
The orc hits you but does no damage. The orc attacks as you move away!
The orc hits you but does no damage. The hound bites you but does no damage.
The jackal bites you.
* * * LOW HITPOINT WARNING * * *
The jackal bites you but does no damage.
The hound barely misses you. The orc attacks as you move away!
The orc hits you with a +0 club.
* * * LOW HITPOINT WARNING * * *
The jackal attacks as you move away! The jackal closely misses you.
The hound attacks as you move away! The hound bites you but does no damage.
The hound bites you but does no damage. The hound attacks as you move away!
The hound bites you.
You die...

.≈.......§..###.# .≈≈≈≈≈≈≈§≈.##
#.# ..........§####)#####
########## ..#.#####.###.......#
#...)....# .###...........÷....#
#.######.#
#.#.######..#.#.###.###.######.#
##.#######..................##.#
#......###.........###.###.##.#
#.####.# ###...@##.# #.# #.##.#
##.## #.# ####h#### #.###.##.#
#.#.###.# #...oh..# #........#
.###.##.# #.⌠...⌠.# #####.####
#.#.###.# #.......# #.#
##..###.# #.⌠...⌠.# #.# #......#
#.......# ###.# ##.#.###
###.⌠...⌠.# ##.#.#
##...).####.#...>...####....#


You could see a hound, an orc and a jackal.

Vanquished Creatures
  An orc priest (D:4)
  An iguana (D:3)
  Ijyb (D:3)
  2 adders (D:2)
  2 worms
  4 dart slugs
  An orc (D:3)
  6 endoplasms
  3 giant cockroaches
  4 goblins
  6 hobgoblins
  3 jackals
  5 kobolds
  4 quokkas
  5 ball pythons
  4 bats
  3 frilled lizards
  5 rats
60 creatures vanquished.

Notes
Turn   | Place    | Note
-------+----------+-------------------------------------------
     0 | D:1      | Dittersdorf the Gargoyle Fighter began the quest for the
                  | Orb.
     0 | D:1      | Reached XP level 1. HP: 14/14 MP: 1/1
   215 | D:1      | Reached XP level 2. HP: 16/19 MP: 2/2
   354 | D:1      | Found Otsuc's Vocational Training.
   807 | D:1      | Reached XP level 3. HP: 23/23 MP: 3/3
  1332 | D:2      | Reached XP level 4. HP: 28/29 MP: 4/4
  1764 | D:3      | Noticed Ijyb
  1769 | D:3      | Paralysed by Ijyb for 2 turns
  1772 | D:3      | Killed Ijyb
  2243 | D:3      | Reached XP level 5. HP: 21/33 MP: 5/5
  2388 | D:3      | Found a white marble altar of Elyvilon.
  2666 | D:3      | HP: 1/34 [orc/+0 club (3)]
  2670 | D:3      | Slain by a hound

Illustrated notes

Levels and vault maps discovered:
D:1:      shiori_arrival_oz, layout_basic, nicolae_shop_vocational
D:2:      layout_loops_ring
D:3:      layout_loops_corners, mainiacjoe_overflow_brackets,
          minmay_misc_feat_columns, grunt_ministairs_3, eino_curves_01,
          uniq_ijyb
D:4:      layout_cave_pools, minmay_misc_feat_five, minmay_between,
          uniq_crazy_yiuf_cottage

Skill      XL: |  1  2  3  4 |
---------------+-------------+-----
Fighting       | 4 |  4.3
Armour         | 4 |  4.3
Shields        | 4 |  4.3
Maces & Flails | 3 |  3.2

Action                   |  1- 3 |  4- 6 || total
-------------------------+-------+-------++-------
Melee: Flail             |   133 |    76 ||   209
Armor: Scale mail        |    14 |       ||    14
       Chain mail        |    77 |    50 ||   127
Dodge: Dodged            |    53 |    38 ||    91
Block: Buckler           |    34 |    17 ||    51

Table legend: (Time is in decaauts)
 A = Elapsed time spent in this place.
 B = Non-inter-level travel time spent in this place.
 C = Inter-level travel time spent in this place.
 D = Time resting spent in this place.
 E = Time spent auto-exploring this place.
 F = Levels seen in this place.
 G = Mean time per level.
                   A        B        C        D        E       F      G
               +--------+--------+--------+--------+--------+-----+--------+
         Total |   2735 |   2620 |    115 |      0 |   2091 |   4 |  683.8 |
       Dungeon |   2735 |   2620 |    115 |      0 |   2091 |   4 |  683.8 |
               +--------+--------+--------+--------+--------+-----+--------+

Top non-repeatable levels by time:
     D:1: 1029 daAuts
     D:3: 922 daAuts
     D:2: 760 daAuts
     D:4: 24 daAuts
